 Dungeon Crawl Stone Soup version 0.22.1-1-ga44c0e5 (webtiles) character file.

4757 juanjsm the Covert (level 10, -5/44 HPs)
             Began as a Spriggan Enchanter on Oct 18, 2018.
             Was an Elder of Okawaru.
             Slain by an orc warrior
             ... wielding a +0 glaive
              (25 damage)
             ... on level 8 of the Dungeon.
             The game lasted 00:58:08 (9156 turns).

juanjsm the Covert (Spriggan Enchanter)             Turns: 9156, Time: 00:58:09

Health: -5/44      AC:  5    Str:  6      XL:     10   Next: 23%
Magic:  21/26      EV: 21    Int: 18 (20) God:    Okawaru [****..]
Gold:   361        SH:  0    Dex: 17      Spells: 16/28 levels left

rFire    + . .     SeeInvis +   r - +3 dagger
rCold    x . .     Gourm    .   (shield restricted)
rNeg     . . .     Faith    .   B - +2 robe {MR+}
rPois    +         Spirit   .   E - +0 hat
rElec    .         Reflect  .   u - +0 cloak
rCorr    .         Harm     .   (gloves unavailable)
MR       ++...                  (boots unavailable)
Stlth    +++++.....             (no amulet)
HPRegen  0.14/turn              n - ring of fire
MPRegen  0.20/turn              (no ring)

@: very quick
A: very small, unfitting armour, see invisible, deterioration 1, herbivore,
speed 3, high mp 1, poison resistance, slow metabolism 2, strong 1
a: Heroism, Renounce Religion


You were on level 8 of the Dungeon.
You worshipped Okawaru.
Okawaru was greatly pleased with you.
You were hungry.

You visited 2 branches of the dungeon, and saw 9 of its levels.
You also visited: Sewer.

You collected 419 gold pieces.
You spent 58 gold pieces at shops.

Inventory:

Hand Weapons
 r - a +3 dagger (weapon)
 s - a +0 dagger of venom
 x - a +0 hunting sling
 A - a +0 whip of freezing
 F - a +2 quarterstaff of chaos
 G - a +1 mace of crushing
 I - a +3 dagger
 O - a +0 blowgun
 Q - a +4 whip
Missiles
 l - 47 poisoned needles
 D - 3 throwing nets (quivered)
 P - 6 curare-tipped needles
Armour
 b - a +0 robe
 g - a scarf of repulsion
 u - a +0 cloak (worn)
 B - a +2 robe of magic resistance (worn)
 E - a +0 hat (worn)
 J - a +0 buckler
 T - a +0 troll leather armour
Jewellery
 n - a ring of fire (left hand)
Wands
 o - a wand of flame (25)
 q - a wand of random effects (30)
 M - a wand of clouds (5)
 R - a wand of acid (6)
Scrolls
 a - a scroll of identify
 i - 5 scrolls of teleportation
 j - 2 scrolls of magic mapping {unknown}
 k - a scroll of blinking {unknown}
 p - 2 scrolls of immolation {unknown}
 t - 2 scrolls of fear {unknown}
 w - a scroll of fog {unknown}
 y - 2 scrolls of noise {unknown}
 z - 2 scrolls of amnesia {unknown}
 C - 4 scrolls of remove curse
 L - 3 scrolls of enchant weapon
 N - 2 scrolls of holy word {unknown}
 S - a scroll of enchant armour {unknown}
Potions
 c - 7 potions of curing
 e - 4 potions of flight
 f - a potion of magic
 h - 2 potions of brilliance
 m - 2 potions of cancellation
 v - 2 potions of agility
 H - a potion of haste
 K - a potion of resistance
Comestibles
 d - 13 rations


   Skills:
 * Level 5.3 Short Blades
 * Level 5.7 Dodging
 + Level 11.8 Stealth
 * Level 2.2 Shields
 * Level 9.6 Spellcasting
 + Level 0.1 Conjurations
 * Level 9.4 Hexes
 + Level 3.0 Ice Magic


You had 16 spell levels left.
You knew the following spells:

 Your Spells              Type           Power        Failure   Level  Hunger
a - Corona                Hex            #####..      1%          1    None
b - Ensorcelled Hibernat  Hex/Ice        ####..       1%          2    None
c - Confuse               Hex            #####...     1%          3    None
d - Dazzling Spray        Conj/Hex       ####..       3%          3    None
e - Spider Form           Tmut/Pois      #.........   26%         3    None

Your spell library contained the following spells:

 Spells                   Type           Power        Failure   Level  Hunger
 Tukima's Dance           Hex            #####...     1%          3    None
 Beastly Appendage        Tmut           #.....       9%          1    None
 Sticks to Snakes         Tmut           #.......     13%         2    None
 Ice Form                 Ice/Tmut       ##......     41%         4    ###....
 Blade Hands              Tmut           #.........   93%         5    #####..


Dungeon Overview and Level Annotations

Branches:
Dungeon (8/15)             Temple (1/1) D:4
   Lair: D:8-11

Altars:
Ashenzari
Cheibriados
Dithmenos
Elyvilon
Fedhas
Gozag
Hepliaklqana
Kikubaaqudgha
Makhleb
Nemelex Xobeh
Okawaru
Qazlal
Ru
Sif Muna
Trog
Uskayaw
Vehumet
Wu Jian
Xom
Yredelemnul
Zin
The Shining One

Shops:
D:5 *   D:6 [

Annotations:
D:4 Edmund


Innate Abilities, Weirdness & Mutations

You are very small and have problems with some larger weapons.
You are too small for most types of armour.
You have supernaturally acute eyesight. (SInv)
You are a herbivore.
You cover ground extremely quickly.
You need to consume almost no food.
Your body sometimes deteriorates upon taking damage.
You have an increased reservoir of magic. (+10% MP)
Your system is resistant to poisons. (rPois)
Your muscles are strong. (Str +2)


Message History

Okawaru accepts your kill.
The spray of energy hits the orc warrior.
The orc warrior is lightly wounded.
The orc warrior is dazzled.
The orc warrior completely misses you.
You catch the helpless orc wizard completely off-guard!
You impale the orc wizard!!
You kill the orc wizard!
Okawaru accepts your kill.
You hit the orc warrior.
The orc warrior is lightly wounded.
The orc warrior hits you with a glaive!
Your body deteriorates!
You feel dopey.
You closely miss the orc warrior.
The orc warrior is lightly wounded.
You closely miss the orc warrior.
The orc warrior is lightly wounded.
The orc warrior is no longer blind.
The orc warrior hits you with a glaive!!
Ouch! That really hurt!
You die...

#.# ##.## #######. #####.####
#.# #. #........# #.# #.
#.###.##.# ##+## #. #.# #.##.#
##...## #. #.# #.##.# ##.....##
####. #.# #.##.## ##...†...##
##.##. #.#
#.#...####..$.)..(.####...#.
#.###........'o@.......+........
#.........####.)).....(####...#.
#####.##>## ##.......## ##.##.
#.....# ##.....## #####. #####.#
##...## #..... #.# ##+## #.###.
#.########.########.# #.
#.#..............##.# ..
#.#......#..####.##.# .#


You could see an orc warrior.

Vanquished Creatures
  Harold (D:7)
  An unseen horror (D:8)
  The ghost of Zebedee the Changer, a novice OpTm of Makhleb (D:6)
  Pikel (D:4)
  A troll (D:8)
  Purgy (D:4)
  2 black bears
  3 ice beasts
  An orc warrior (D:6)
  2 phantoms
  2 ogres (D:6)
  A centaur (D:7)
  A big kobold (D:7)
  A bullfrog (D:6)
  A scorpion (D:6)
  4 wights (D:6)
  2 crimson imps
  A quasit (D:5)
  A bullfrog zombie (D:7)
  2 hounds
  Crazy Yiuf (D:5)
  3 orc priests
  A bullfrog skeleton (D:7)
  7 orc wizards
  Terence (D:2)
  3 iguanas
  5 worker ants
  2 hound zombies
  2 hound skeletons
  A howler monkey zombie (D:6)
  Robin (D:3)
  3 gnolls (D:5)
  2 howler monkey skeletons (D:4)
  11 adders
  2 shadow imps
  An ooze (D:6)
  2 adder skeletons
  3 worms
  A dart slug (D:1)
  7 leopard geckos
  27 orcs
  4 giant cockroaches
  13 goblins
  10 hobgoblins
  13 jackals
  2 quokkas
  A ball python (D:1)
  10 bats
  15 frilled lizards
  10 kobolds
  11 rats
205 creatures vanquished.

Vanquished Creatures (collateral kills)
  An adder (D:6)
1 creature vanquished.

Vanquished Creatures (others)
  A slave (D:4)
  An orc (D:7)
2 creatures vanquished.

Grand Total: 208 creatures vanquished

Notes
Turn   | Place    | Note
-------+----------+-------------------------------------------
     0 | D:1      | juanjsm the Spriggan Enchanter began the quest for the Orb.
     0 | D:1      | Reached XP level 1. HP: 9/9 MP: 5/5
   117 | D:1      | Reached XP level 2. HP: 7/13 MP: 6/6
   121 | D:1      | Learned a level 2 spell: Ensorcelled Hibernation
   174 | D:1      | Reached skill level 5 in Stealth
   713 | D:2      | Reached XP level 3. HP: 16/16 MP: 4/8
   718 | D:2      | Learned a level 3 spell: Confuse
  1377 | D:2      | Reached XP level 4. HP: 21/21 MP: 6/10
  1382 | D:2      | Reached skill level 6 in Stealth
  1387 | D:2      | Learned a level 3 spell: Dazzling Spray
  1427 | D:2      | Found a shattered altar of Ashenzari.
  1577 | D:2      | Noticed Terence
  1640 | D:2      | Killed Terence
  1996 | D:3      | Reached XP level 5. HP: 21/24 MP: 6/11
  2295 | D:3      | Noticed Robin
  2338 | D:3      | Killed Robin
  2338 | D:3      | Reached skill level 1 in Ice Magic
  3008 | D:3      | Reached skill level 5 in Hexes
  3165 | D:3      | Reached XP level 6. HP: 9/28 MP: 2/13
  3963 | D:4      | Found a staircase to the Ecumenical Temple.
  4113 | D:4      | Found a glowing drain.
  4142 | Sewer    | Entered a sewer
  4656 | D:4      | Noticed Pikel
  4656 | D:4      | Noticed a slave
  4656 | D:4      | Noticed a slave
  4813 | Temple   | Entered the Ecumenical Temple
  4871 | Temple   | Became a worshipper of Warmaster Okawaru
  4967 | D:4      | Found a sparkling altar of Nemelex Xobeh.
  5015 | D:4      | Reached skill level 7 in Stealth
  5028 | D:4      | Noticed Purgy
  5074 | D:4      | Noticed a slave
  5146 | D:4      | Killed Purgy
  5146 | D:4      | Reached skill level 5 in Spellcasting
  5204 | D:4      | Noticed Edmund
  5220 | D:4      | Reached XP level 7. HP: 32/32 MP: 10/15
  5329 | D:4      | Killed Pikel
  5329 | D:4      | Reached * piety under Okawaru
  5329 | D:4      | Reached skill level 8 in Stealth
  5428 | D:5      | Entered Level 5 of the Dungeon
  5581 | D:5      | Reached skill level 9 in Stealth
  5581 | D:5      | Reached XP level 8. HP: 31/36 MP: 8/18
  5685 | D:5      | Found Menaocs's Assorted Antiques.
  6180 | D:5      | Found a runed door.
  6184 | D:5      | Noticed Crazy Yiuf
  6188 | D:5      | Killed Crazy Yiuf
  6298 | D:6      | Reached ** piety under Okawaru
  6298 | D:6      | Reached skill level 10 in Stealth
  6345 | D:6      | Found Zuosacsi's Armour Boutique.
  6637 | D:6      | Bought a +0 buckler for 58 gold pieces
  6675 | D:6      | Found a runed gate.
  6676 | D:6      | Found a runed gate.
  6677 | D:6      | Found a runed gate.
  6685 | D:6      | Reached XP level 9. HP: 35/39 MP: 15/21
  6694 | D:6      | Noticed Zebedee's ghost (novice OpTm)
  6805 | D:6      | Reached *** piety under Okawaru
  6882 | D:6      | Killed Zebedee's ghost
  6882 | D:6      | Reached skill level 11 in Stealth
  6882 | D:6      | Reached skill level 1 in Shields
  7499 | D:7      | Found a shadowy altar of Dithmenos.
  7499 | D:7      | Found an ancient bone altar of Kikubaaqudgha.
  7501 | D:7      | Found a glowing golden altar of the Shining One.
  7636 | D:7      | Gained mutation: Your body sometimes deteriorates upon
                  | taking damage. [potion of mutation]
  7636 | D:7      | Gained mutation: You expend magic power (3 MP) to
                  | strengthen your wands. [potion of mutation]
  7636 | D:7      | Gained mutation: You are agile. (Dex +2) [potion of
                  | mutation]
  7637 | D:7      | Lost mutation: Your body sometimes deteriorates upon taking
                  | damage. [potion of mutation]
  7637 | D:7      | Lost mutation: You are agile. (Dex +2) [potion of mutation]
  7637 | D:7      | Lost mutation: You expend magic power (3 MP) to strengthen
                  | your wands. [potion of mutation]
  7637 | D:7      | Gained mutation: Your body sometimes deteriorates upon
                  | taking damage. [potion of mutation]
  7637 | D:7      | Gained mutation: You have an increased reservoir of magic.
                  | (+10% MP) [potion of mutation]
  7637 | D:7      | Gained mutation: Your system is resistant to poisons.
                  | (rPois) [potion of mutation]
  7637 | D:7      | Gained mutation: Your muscles are strong. (Str +2) [potion
                  | of mutation]
  7663 | D:7      | Noticed Harold
  8479 | D:7      | Killed Harold
  8479 | D:7      | Reached **** piety under Okawaru
  8479 | D:7      | Reached skill level 5 in Short Blades
  8479 | D:7      | Reached skill level 5 in Dodging
  8479 | D:7      | Reached XP level 10. HP: 38/44 MP: 12/26
  8710 | D:8      | Noticed an unseen horror
  8721 | D:8      | Killed an unseen horror
  8885 | D:8      | Learned a level 3 spell: Spider Form
  9079 | D:8      | Found a shadowy altar of Dithmenos.
  9156 | D:8      | Slain by an orc warrior

Skill      XL: |  1  2  3  4  5  6  7  8  9 10 |
---------------+-------------------------------+-----
Hexes          | 4 5 7 8 9 |  9.4
Stealth        | 5 6 7 9 10 11 | 11.8
Spellcasting   | 3 4 5 6 7 9 |  9.6
Ice Magic      | 1 2 3 |  3.0
Short Blades   | 2 3 5 |  5.3
Dodging        | 5 |  5.7
Shields        | 1 2 |  2.2
Conjurations   | |  0.1

Action                   |  1- 3 |  4- 6 |  7- 9 | 10-12 || total
-------------------------+-------+-------+-------+-------++-------
Melee: Dagger            |    92 |   245 |   218 |    39 ||   594
 Cast: Corona            |     5 |     4 |       |     1 ||    10
       Ensorcelled Hiber |    23 |    73 |    41 |     1 ||   138
       Confuse           |     6 |    28 |    52 |     3 ||    89
       Dazzling Spray    |       |     2 |     4 |     3 ||     9
  Use: Scroll            |       |       |    13 |     1 ||    14
       Potion            |       |       |     3 |       ||     3
 Stab: Sleeping          |    28 |    39 |    33 |     5 ||   105
       Confused          |     3 |     8 |    27 |     1 ||    39
       Invisible         |       |     1 |       |     2 ||     3
       Distracted        |       |     1 |       |       ||     1
  Eat: Ration            |       |     4 |     2 |       ||     6
Armor: Robe              |     5 |    19 |    16 |     3 ||    43
Dodge: Dodged            |    43 |   206 |   117 |    15 ||   381
       Deflected         |       |     2 |       |       ||     2
